 Dungeon Crawl Stone Soup version 0.28-a0-1334-g1c9ffb4daf (webtiles) character file.

Game seed: 10088515602708651385

87 Grim the Grave Robber (level 4, -3/24 HPs)
             Began as a Deep Elf Necromancer on Dec 28, 2021.
             Slain by Grinder (7 damage)
             ... on level 3 of the Dungeon.
             The game lasted 00:06:28 (3728 turns).

Grim the Grave Robber (Deep Elf Necromancer)        Turns: 3728, Time: 00:06:29

Health: -3/24      AC:  2    Str:  5    XL:     4   Next: 28%
Magic:  1/10       EV: 12    Int: 22    God:
Gold:   120        SH:  0    Dex: 15    Spells: 6/9 levels left

rFire   . . .      SeeInvis .   j - staff of poison
rCold   . . .      Faith    .   (no shield)
rNeg    . . .      Spirit   .   a - +0 robe
rPois   +          Reflect  .   (no helmet)
rElec   .          Harm     .   (no cloak)
rCorr   .          Rampage  .   (no gloves)
Will    .....                   (no boots)
Stlth   ++........              (no amulet)
HPRegen 0.08/turn               (no ring)
MPRegen 0.12/turn               (no ring)

@: no status effects
A: no striking features
a: no special abilities


You were on level 3 of the Dungeon.
You visited 1 branch of the dungeon, and saw 3 of its levels.

You collected 120 gold pieces.

Inventory:

Missiles
 e - 26 poisoned darts
Armour
 a - a +0 robe (worn)
Magical Staves
 j - a staff of poison (weapon)
Scrolls
 d - a scroll of amnesia {unknown}
 h - a scroll of enchant armour {unknown}
 i - a scroll of identify {unknown}
Potions
 b - 4 potions of heal wounds {unknown}
 c - a potion of brilliance {unknown}
 f - a potion of curing {unknown}
 g - a potion of flight {unknown}
 k - a potion of lignification {unknown}


   Skills:
 - Level 2.4 Dodging
 - Level 2.4 Stealth
 - Level 3.0 Spellcasting
 - Level 1.8 Conjurations
 + Level 6.1 Necromancy
 - Level 1.8 Fire Magic


You had 6 spell levels left.
You knew the following spells:

 Your Spells              Type           Power      Damage    Failure   Level
a - Pain                  Necr           100%       1d9       1%          1
b - Foxfire               Conj/Fire      44%        2x1d6     6%          1
c - Animate Skeleton      Necr           60%        N/A       1%          1

Your spell library contained the following spells:

 Spells                   Type           Power      Damage    Failure   Level
 Vampiric Draining        Necr           30%        2d8       3%          3
 Animate Dead             Necr           15%        N/A       10%         4
 Slow                     Hex            12%        N/A       12%         1
 Summon Small Mammal      Summ           12%        N/A       12%         1
 Conjure Flame            Conj/Fire      11%        6-21      17%         3
 Inner Flame              Hex/Fire       7%         N/A       26%         3
 Agony                    Necr           30%        N/A       28%         5
 Call Canine Familiar     Summ           3%         N/A       36%         3
 Confusing Touch          Hex            3%         N/A       36%         3
 Summon Guardian Golem    Hex/Summ       3%         N/A       36%         3
 Flame Wave               Conj/Fire      11%        2d5       50%         4


Dungeon Overview and Level Annotations

Branches:
Dungeon (3/15)

Altars:
Uskayaw

Annotations:
D:3 Grinder


Message History

Confirm with . or Enter, or press ? or * to list all spells.
You conjure some foxfire!
The foxfire hits Grinder.
Grinder is severely wounded.
The foxfire hits Grinder.
Grinder is almost dead.
Grinder gestures at you. Pain shoots through your body!
Ouch! That really hurt!
* * * LOW HITPOINT WARNING * * *
Casting: Foxfire (safe; 6% risk of failure)
Confirm with . or Enter, or press ? or * to list all spells.
You conjure some foxfire!
Your magical contamination has completely faded away.
The foxfire hits Grinder.
Grinder is almost dead.
The foxfire hits Grinder but does no damage.
Grinder is almost dead.
Grinder barely misses you.
Casting: Foxfire (safe; 6% risk of failure)
Confirm with . or Enter, or press ? or * to list all spells.
You conjure some foxfire!
Grinder blinks!
The foxfire hits Grinder but does no damage.
Grinder is almost dead.
The foxfire hits Grinder but does no damage.
Grinder is almost dead.
Casting: Foxfire (safe; 6% risk of failure)
Confirm with . or Enter, or press ? or * to list all spells.
You conjure some foxfire!
Grinder gestures at you. You resist with significant effort.
The foxfire hits Grinder.
Grinder is almost dead.
The foxfire hits Grinder but does no damage.
Grinder is almost dead.
Grinder barely misses you.
Casting: Foxfire (safe; 6% risk of failure)
Confirm with . or Enter, or press ? or * to list all spells.
You conjure some foxfire!
Grinder hits you!
You die...

...... #.# ....# # #.# ...# #.
#.# ##'## #. #.# ##...## ..
#.#### ##.....## ##.#. #.##.##
##.......#
#.....#######.#v§§####.........#
......†...<....v@§...'.........+
......########.5..####.........#
.#.#. #.#.## ##.......## # #.###
##.....## #.# ##...## #.# #+##
#.# #.#


You could see Grinder (ally target).

Vanquished Creatures
  A hound skeleton (D:2)
  2 adders (D:2)
  A worm (D:2)
  A dart slug (D:1)
  2 ball pythons
  5 endoplasms
  5 giant cockroaches
  5 hobgoblins
  4 jackals (D:1)
  4 kobolds
  A quokka (D:1)
  7 bats
  3 frilled lizards
  5 goblins
46 creatures vanquished.

Vanquished Creatures (others)
  53 foxfires
53 creatures vanquished.

Grand Total: 99 creatures vanquished

Notes
Turn   | Place    | Note
-------+----------+-------------------------------------------
     0 | D:1      | Grim the Deep Elf Necromancer began the quest for the Orb.
     0 | D:1      | Reached XP level 1. HP: 10/10 MP: 6/6
    83 | D:1      | Reached skill level 5 in Necromancy
   321 | D:1      | Reached XP level 2. HP: 8/15 MP: 1/8
   661 | D:1      | Learned a level 1 spell: Foxfire
   753 | D:1      | Learned a level 1 spell: Animate Skeleton
  1108 | D:1      | Reached XP level 3. HP: 18/19 MP: 7/9
  1209 | D:1      | Found a faded altar of an unknown god.
  1473 | D:1      | Reached skill level 1 in Conjurations
  1473 | D:1      | Reached skill level 1 in Fire Magic
  2751 | D:2      | Found a hide-covered altar of Uskayaw.
  2800 | D:2      | Reached skill level 6 in Necromancy
  2800 | D:2      | Reached XP level 4. HP: 14/24 MP: 6/10
  3696 | D:3      | Noticed Grinder
  3728 | D:3      | Slain by Grinder

Illustrated notes

Levels and vault maps discovered:
D:1:      lemuel_arrival_hallway, layout_loops_cross,
          nicolae_ecumenical_lake_church, dk_noncrumbling_4
D:2:      minmay_inner_zag, layout_basic, basic_altar, bh_walls_and_bars
D:3:      layout_loops_corners, uniq_grinder

Skill      XL: |  1  2  3 |
---------------+----------+-----
Necromancy     | 5 6 |  6.1
Conjurations   | 1 |  1.8
Fire Magic     | 1 |  1.8
Dodging        | |  2.4
Stealth        | |  2.4
Spellcasting   | |  3.0

Action                   |  1- 3 |  4- 6 || total
-------------------------+-------+-------++-------
Melee: Unarmed           |     2 |       ||     2
 Cast: Pain              |    65 |    13 ||    78
       Foxfire           |    17 |    14 ||    31
Armor: Robe              |     4 |       ||     4
Dodge: Dodged            |    19 |     6 ||    25

Table legend: (Time is in decaauts)
 A = Elapsed time spent in this place.
 B = Non-inter-level travel time spent in this place.
 C = Inter-level travel time spent in this place.
 D = Time resting spent in this place.
 E = Time spent auto-exploring this place.
 F = Levels seen in this place.
 G = Mean time per level.
                   A        B        C        D        E       F      G
               +--------+--------+--------+--------+--------+-----+--------+
         Total |   3727 |   3614 |    113 |   1274 |   2012 |   3 | 1242.3 |
       Dungeon |   3727 |   3614 |    113 |   1274 |   2012 |   3 | 1242.3 |
               +--------+--------+--------+--------+--------+-----+--------+

Top non-repeatable levels by time:
     D:1: 2066 daAuts
     D:2: 1588 daAuts
     D:3: 72 daAuts
